 Dungeon Crawl Stone Soup version 0.29.1-1-gd02db6906a (webtiles) character file.

Game seed: 10571424331656351544

25 IxDamienxI the Covered (level 3, -4/29 HPs)
             Began as a Human Fighter on Oct 15, 2022.
             Slain by an orc priest
             ... wielding a +0 vampiric hand axe
              (7 damage)
             ... on level 2 of the Dungeon.
             The game lasted 00:04:47 (935 turns).

IxDamienxI the Covered (Human Fighter)               Turns: 935, Time: 00:04:47

Health: -4/29      AC: 10    Str: 18    XL:     3   Next: 17%
Magic:  0/3        EV:  5    Int:  8    God:
Gold:   63         SH: 12    Dex: 12    Spells: 2/2 levels left

rFire   . . .      SeeInvis .   a - +1 war axe
rCold   . . .      Faith    .   l - +0 tower shield
rNeg    . . .      Spirit   +   b - +0 scale mail
rPois   .          Reflect  .   (no helmet)
rElec   .          Harm     .   f - +2 cloak
rCorr   .          Rampage  .   (no gloves)
Will    .....                   (no boots)
Stlth   ..........              g - amulet of guardian spirit
HPRegen 0.09/turn               (no ring)
MPRegen 0.08/turn               (no ring)

@: silenced
A: no striking features
a: no special abilities


You were on level 2 of the Dungeon.
You visited 1 branch of the dungeon, and saw 2 of its levels.

You collected 63 gold pieces.

Inventory:

Hand Weapons
 a - a +1 war axe (weapon)
Missiles
 h - 2 boomerangs (quivered)
Armour
 b - a +0 scale mail (worn)
 c - a +0 buckler
 f - a +2 cloak (worn)
 l - a +0 tower shield (worn)
Jewellery
 g - an amulet of guardian spirit (around neck)
Scrolls
 i - a scroll of noise {unknown}
 k - a scroll of fear {unknown}
 m - a scroll of vulnerability {unknown}
Potions
 d - a potion of might
 j - a potion of flight
 n - a potion of attraction


   Skills:
 + Level 3.2 Fighting
 * Level 2.3 Axes
 + Level 3.4 Armour
 + Level 3.2 Shields


You had 2 spell levels left.
You didn't know any spells.
Your spell library was empty.

Dungeon Overview and Level Annotations

Branches:
Dungeon (2/15)

Altars:


Message History

The orc priest calls down the wrath of Beogh upon you.
Beogh smites you!
Ouch! That really hurt!
* * * LOW HITPOINT WARNING * * *
You hear a shout! x2
As you read the scroll labelled ACWUMI GILUIZUCK, it crumbles to dust.
A profound silence engulfs you.
It was a scroll of silence.
You block the orc priest's attack.
The orc priest hits you but does no damage.
Magic scrolls do not work when you're silenced!
The orc priest attacks as you move away!
You block the orc priest's attack. What are your orders?
Orders for allies: a - Attack new target. r - Retreat! s - Stop attacking. g - Guard the area. f - Follow me.
Anything else - Cancel.
Retreat in which direction?
Press: ? - help, Dir - move target Fall back!
Magic scrolls do not work when you're silenced!
It was a potion of curing.
You feel better. You block the orc priest's attack.
The orc priest barely misses you.
Unknown command.
Magic scrolls do not work when you're silenced!
The orc priest hits you with a +0 vampiric hand axe.
* * * LOW HITPOINT WARNING * * *
The orc priest attacks as you move away!
You block the orc priest's attack.
There is an open door here.
The orc priest attacks as you move away!
The orc priest hits you with a +0 vampiric hand axe.
* * * LOW HITPOINT WARNING * * *
The orc priest hits you but does no damage.
The orc priest hits you with a +0 vampiric hand axe.
* * * LOW HITPOINT WARNING * * *
There is an open door here.
The orc priest attacks as you move away!
The orc priest hits you with a +0 vampiric hand axe!
You die...

.###..#.....o. !....
...... ...# ...oo #..#
#..~ ###### #..# #..
#....####.###.########
#...o'.o...)#.........
#...o######...[.#
#....@.<..#####....#
#....####.# ###.#
#....# #.# # #....#
#.# # # #....# #.# #.
#. ##.### #.# .###
###.########.######.#
..#
.............#......#
###..
###........####.#####
#....


You could see 2 orc priests.

Vanquished Creatures
  A dart slug (D:1)
  An orc (D:2)
  2 bats (D:1)
  3 giant cockroaches
  A goblin (D:1)
  A hobgoblin (D:1)
  2 quokkas
  4 ball pythons (D:1)
  4 rats
19 creatures vanquished.

Notes
Turn   | Place    | Note
-------+----------+-------------------------------------------
     0 | D:1      | IxDamienxI the Human Fighter began the quest for the Orb.
     0 | D:1      | Reached XP level 1. HP: 18/18 MP: 1/1
   233 | D:1      | Reached XP level 2. HP: 24/24 MP: 2/2
   708 | D:2      | Reached XP level 3. HP: 29/29 MP: 3/3
   935 | D:2      | Slain by an orc priest

Illustrated notes

Levels and vault maps discovered:
D:1:      spicycebolla_arrival_ecumenical, layout_rooms
D:2:      cheibrodos_pilgrimage, layout_basic

Action                   || total
-------------------------++-------
Melee: War axe           ||    47
  Use: Scroll            ||     6
       Potion            ||     1
Armor: Scale mail        ||    34
Dodge: Dodged            ||    25
Block: Buckler           ||    10
       Tower shield      ||    15
